 Dungeon Crawl Stone Soup version 0.19-a0-611-gb5a7e8d (webtiles) character file.

12005 FitzyFitz the Carver (level 11, -6/69 HPs)
             Began as a Tengu Gladiator on June 12, 2016.
             Was a Follower of Uskayaw.
             Killed from afar by an electric eel (12 damage)
             ... with a bolt of electricity
             ... on level 9 of the Dungeon on June 13, 2016.
             The game lasted 00:45:22 (13106 turns).

FitzyFitz the Carver (Tengu Gladiator)             Turns: 13106, Time: 00:45:22

Health: -6/69      AC:  9    Str: 16    XL:     11   Next: 86%
Magic:  12/12      EV: 20    Int:  8    God:    Uskayaw [*.....]
Gold:   326        SH:  0    Dex: 23    Spells: 0 memorised, 10 levels left

rFire  . . .     SeeInvis .     c - +3 scimitar (flame)
rCold  . . .     Gourm    .     j - +0 troll leather armour
rNeg   . . .     Faith    .     (no shield)
rPois  .         Spirit   .     B - +2 hat
rElec  .         Dismiss  .     y - +0 cloak
rCorr  .         Reflect  .     n - +0 pair of gloves
SustAt .         Harm     .     (boots unavailable)
MR     .....                    (no amulet)
Stlth  +++++.....               q - ring of stealth
                                s - +5 ring of dexterity

@: not resistant to hostile enchantments, quite stealthy
A: beak, talons 3, able to fly 1
a: Fly, Stomp, Renounce Religion


You were on level 9 of the Dungeon.
You worshipped Uskayaw.
Uskayaw was aware of your devotion.
You were not hungry.

You visited 2 branches of the dungeon, and saw 11 of its levels.

You collected 326 gold pieces.

Inventory:

Hand Weapons
 a - a +5 long sword of electrocution
 c - a +3 scimitar of flaming (weapon)
 d - a +1 dagger of pain
 t - a cursed -3 blowgun
 u - a +2 dagger of venom
 x - the +1 whip of Wyrd {venom, MP+9}
   (You found it on level 5 of the Dungeon)

   It poisons the flesh of those it strikes.
   It affects your magic capacity (+9).
 E - a +0 rapier
Missiles
 e - 60 poisoned needles
 i - 7 silver javelins
 w - 6 javelins (quivered)
 F - 2 throwing nets
Armour
 j - a +0 troll leather armour (worn)
 n - a +0 pair of gloves (worn)
 y - a +0 cloak (worn)
 B - a +2 hat (worn)
 G - a +0 ring mail
 H - the cursed +1 robe "Naraut" {Int+2 Dex+4 Slay+3, unknown}
   (You took it off an orc wizard on level 10 of the Dungeon)

   It affects your intelligence (+2).
   It affects your dexterity (+4).
   It affects your accuracy and damage with ranged weapons and melee attacks
   (+3).
   It has a curse placed upon it.
 K - a +2 robe of positive energy
Jewellery
 q - a ring of stealth (right hand)
 s - a +5 ring of dexterity (left hand)
 D - an uncursed ring of wizardry
 M - an uncursed ring of wizardry
Scrolls
 o - 2 scrolls of magic mapping
 r - a scroll of fog
 v - 3 scrolls of remove curse
Potions
 b - 2 potions of berserk rage
 g - a potion of resistance
 m - a potion of agility
 p - 2 potions of lignification
 z - a potion of invisibility {unknown}
 A - a potion of flight {unknown}
 I - 2 potions of ambrosia {unknown}
Books
 C - a book of Death

   Spells                             Type                      Level
   a - Corpse Rot                     Necromancy                   2
   b - Sublimation of Blood           Necromancy                   2
   c - Agony                          Necromancy                   5
   d - Dispel Undead                  Necromancy                   5
   e - Excruciating Wounds            Charms/Necromancy            5
   f - Bolt of Draining               Conjuration/Necromancy       5
Comestibles
 f - 7 bread rations
 k - a beef jerky
 l - 4 meat rations
 J - 6 chunks of flesh
 L - 7 slices of pizza


   Skills:
 - Level 8.3 Fighting
 + Level 13.8 Long Blades
 - Level 2.0 Throwing
 + Level 4.2 Armour
 + Level 9.4 Dodging
 - Level 6.6 Stealth


You had 10 spell levels left.
You didn't know any spells.

Dungeon Overview and Level Annotations

Branches:
Dungeon (10/15)            Temple (1/1) D:6            Lair (0/6) D:9
    Orc: D:9-12

Altars:
Ashenzari
Cheibriados
Dithmenos
Fedhas
Hepliaklqana
Makhleb
Nemelex Xobeh
Pakellas
Qazlal
Ru
Sif Muna
Trog
Uskayaw
The Shining One

Shops:
D:7 :

Annotations:
D:3 ktulu8bugs's ghost, amateur NaFE
D:4 FitzyFitz's ghost, novice TeGl
D:5 Calenrow's ghost, novice OpFi


Innate Abilities, Weirdness & Mutations

You have a beak for a mouth.
You have claws for feet.
You can fly.


Message History

You hear a splash.
The electric eel shoots out a bolt of lightning at you!
The bolt of electricity hits you!
The electric eel shoots out a bolt of lightning at you!
The bolt of electricity hits you!
The electric eel shoots out a bolt of lightning at you!
The bolt of electricity hits you!
The electric eel shoots out a bolt of lightning at you!
The bolt of electricity hits you! x2
You hit the electric eel. You burn the electric eel. You claw the electric eel.
Your peck misses the electric eel.
The electric eel is severely wounded.
The electric eel shoots out a bolt of lightning at you!
The bolt of electricity hits you!
* * * LOW HITPOINT WARNING * * *
The bolt of electricity hits you!
* * * LOW HITPOINT WARNING * * *
The electric eel shoots out a bolt of lightning at you!
The bolt of electricity hits you!
You die...

###.####.......#..######.........
..#......#<[...........#.........
..######.#.#####.#####.#.........
.....##................#.........
..##.###.##..#............≈......
#.##[###.#...#............≈≈.≈...
####...#.#...#.....≈≈≈..≈≈≈≈≈≈..≈
............).....≈≈≈≈≈≈≈≈≈;≈≈≈≈≈
######(#....##..@;≈≈≈≈≈≈≈≈[.≈≈≈≈.
....(#..............≈≈≈≈...≈..≈≈≈
...#.#......#.....≈≈≈≈≈≈.≈...≈≈≈.
...#.#(#...................> .≈≈≈
...#.#.#.........≈≈≈≈≈≈.≈... ≈≈≈≈
...#.#.#.#...##..≈≈≈≈≈≈≈.≈≈. .≈≈≈
.............##...≈≈≈≈.;≈≈≈≈≈≈≈≈≈
..#....#......#....≈≈.≈≈≈≈≈≈≈≈.≈≈
###.##.###.......≈≈≈..≈≈≈≈≈≈≈≈≈..


You could see 2 electric eels.

Vanquished Creatures
  Erica (D:9)
  Erolcha (D:8)
  Nergalle (D:10)
  2 hill giants (D:10)
  Pikel (D:9)
  A centaur zombie (D:10)
  Maurice (D:9)
  3 trolls (D:9)
  12 yaks
  3 wyverns
  A hippogriff (D:10)
  Duvessa (D:7)
  2 ice beasts (D:7)
  A slave (D:9)
  7 orc warriors
  3 ogres
  A wolf (D:9)
  A phantom (D:5)
  7 centaurs
  A crocodile (D:7)
  3 big kobolds
  5 giant frogs
  A wyvern skeleton (D:9)
  Dowan (D:7)
  3 killer bees (D:10)
  3 howler monkeys
  5 wights (D:7)
  2 crimson imps
  A giant frog zombie (D:9)
  6 orc priests
  3 giant frog skeletons
  A gnoll shaman (D:8)
  11 hounds
  2 jellies
  3 centaur skeletons
  14 orc wizards
  3 iguanas
  9 worker ants
  2 hound skeletons
  2 hound zombies
  A worker ant zombie (D:7)
  A howler monkey skeleton (D:9)
  10 gnolls
  9 adders
  4 shadow imps
  5 oozes
  An adder zombie (D:9)
  An adder skeleton (D:8)
  7 worms
  A dart slug (D:4)
  2 giant geckos
  44 orcs
  5 giant cockroaches
  8 goblins
  6 hobgoblins
  3 jackals (D:9)
  16 kobolds
  5 quokkas
  2 ball pythons
  3 bats
  9 giant newts
  A jackal skeleton (D:5)
  A quokka skeleton (D:7)
  8 rats
284 creatures vanquished.

Vanquished Creatures (others)
  3 slaves (D:9)
  A hound (D:9)
  5 toadstools (D:1)
9 creatures vanquished.

Grand Total: 293 creatures vanquished

Notes
Turn   | Place    | Note
--------------------------------------------------------------
     0 | D:1      | FitzyFitz the Tengu Gladiator began the quest for the Orb.
     0 | D:1      | Reached XP level 1. HP: 12/12 MP: 2/2
   226 | D:1      | Reached XP level 2. HP: 15/17 MP: 3/3
   330 | D:1      | Reached skill level 4 in Long Blades
   703 | D:2      | Found a snail-covered altar of Cheibriados.
   954 | D:2      | Reached XP level 3. HP: 21/21 MP: 4/4
  1153 | D:2      | Reached skill level 5 in Long Blades
  1175 | D:2      | Reached XP level 4. HP: 26/26 MP: 5/5
  1358 | D:2      | Found an oddly glowing altar of Pakellas.
  2262 | D:3      | Noticed ktulu8bugs's ghost (amateur NaFE)
  2667 | D:3      | Reached skill level 6 in Long Blades
  2667 | D:3      | Gained mutation: You can fly. [Tengu growth]
  2667 | D:3      | Reached XP level 5. HP: 13/30 MP: 6/6
  3658 | D:4      | Reached skill level 7 in Long Blades
  3658 | D:4      | Reached XP level 6. HP: 13/35 MP: 7/7
  3658 | D:4      | HP: 1/35 [orc priest/divine providence (12)]
  3836 | D:4      | Noticed FitzyFitz's ghost (novice TeGl)
  3956 | D:4      | Found a hide-covered altar of Uskayaw.
  3971 | D:4      | Became a worshipper of Uskayaw the Reveler
  4153 | D:4      | Reached * piety under Uskayaw
  4356 | D:5      | Entered Level 5 of the Dungeon
  4371 | D:5      | Found a hazy altar of Hepliaklqana.
  4398 | D:5      | Reached ** piety under Uskayaw
  4401 | D:5      | Reached skill level 8 in Long Blades
  4401 | D:5      | Reached XP level 7. HP: 40/40 MP: 8/8
  4486 | D:5      | Reached *** piety under Uskayaw
  4488 | D:5      | Noticed Calenrow's ghost (novice OpFi)
  4611 | D:5      | Reached skill level 1 in Stealth
  4907 | D:5      | Got a shimmering whip
  4908 | D:5      | Identified the cursed +1 whip of Wyrd {venom, MP+9} (You found it on level 5 of the Dungeon)
  5569 | D:5      | Reached skill level 5 in Dodging
  5606 | D:6      | Found a staircase to the Ecumenical Temple.
  5619 | D:6      | Reached XP level 8. HP: 39/44 MP: 9/9
  5622 | Temple   | Entered the Ecumenical Temple
  5781 | D:6      | Reached skill level 9 in Long Blades
  6609 | D:7      | Reached **** piety under Uskayaw
  6615 | D:7      | Reached ***** piety under Uskayaw
  6846 | D:7      | Reached skill level 5 in Stealth
  6846 | D:7      | Reached XP level 9. HP: 46/48 MP: 10/10
  6936 | D:7      | Noticed Duvessa
  6936 | D:7      | Noticed Dowan
  6945 | D:7      | Killed Dowan
  6945 | D:7      | Reached skill level 10 in Long Blades
  6951 | D:7      | Killed Duvessa
  7261 | D:7      | Found Maixon's Book Emporium.
  7960 | D:8      | Found a sparkling altar of Nemelex Xobeh.
  8098 | D:8      | Noticed Erolcha
  8226 | D:8      | Reached skill level 11 in Long Blades
  8226 | D:8      | Reached XP level 10. HP: 45/56 MP: 11/11
  8379 | D:8      | Found a sparkling altar of Nemelex Xobeh.
  8968 | D:9      | Reached skill level 5 in Fighting
  9037 | D:9      | Noticed Erica
  9050 | D:9      | Killed Erica
  9431 | D:9      | Noticed Maurice
  9560 | D:8      | Found a stormy altar of Qazlal.
  9565 | D:8      | Found a deep blue altar of Sif Muna.
  9570 | D:8      | Found a burning altar of Makhleb.
  9571 | D:8      | Found a sparkling altar of Nemelex Xobeh.
  9573 | D:8      | Found a shadowy altar of Dithmenos.
  9574 | D:8      | Found a hazy altar of Hepliaklqana.
  9616 | D:8      | Killed Erolcha
  9616 | D:8      | Reached skill level 12 in Long Blades
  9906 | D:9      | HP: 1/63 [orc priest/divine providence (12)]
 10315 | D:9      | Noticed Pikel
 10326 | D:9      | Killed Pikel
 10326 | D:9      | Reached XP level 11. HP: 67/67 MP: 12/12
 10781 | D:9      | Reached skill level 13 in Long Blades
 10919 | D:9      | Reached skill level 1 in Armour
 11069 | D:9      | Killed Maurice
 11691 | D:10     | Entered Level 10 of the Dungeon
 11738 | D:10     | Noticed Nergalle
 11774 | D:10     | Killed Nergalle
 11960 | D:9      | Noticed a centaur warrior
 11961 | D:9      | Noticed an iron golem
 11961 | D:9      | Noticed an iron golem
 11961 | D:9      | Noticed an iron golem
 11961 | D:9      | Noticed an iron golem
 12122 | D:10     | Noticed a hill giant
 12143 | D:10     | Killed a hill giant
 12460 | D:10     | Noticed a hill giant
 12473 | D:10     | Killed a hill giant
 12732 | D:10     | Got a silken robe
 13080 | D:9      | Found a staircase to the Lair.
 13106 | D:9      | Killed from afar by an electric eel

Vault maps used:
D:1:      ldierk_walled_garden, serial_glass, glass_columns_c, glass_columns_b,
          minmay_quantized
D:2:      grunt_pakellas_salt, cheibriados_altar_1, st_stairs_7
D:4:      marbit_many_paths, first_bread
D:5:      lemuel_ice_spiral_2, basic_altar, hangedman_minor_gate_pass
D:6:      minmay_temple_entry_mist
D:7:      serial_shops, shop, uniq_duvessa
D:8:      minitemple, basic_altar, grunt_pizzeria, nemelex_dance_club_becter,
          uniq_erolcha
D:9:      cheibrodos_stairvault_heist, erik_lair_island, special_room,
          uniq_pikel, uniq_maurice, uniq_erica
D:10:     uniq_nergalle
Temple:   circular_temple_13

Skill      XL: |  1  2  3  4  5  6  7  8  9 10 11 |
---------------+----------------------------------+-----
Long Blades    | 4 5 6 7 8 9 11 12 13 | 13.8
Dodging        | 4 5 6 8 9 |  9.4
Stealth        | 2 5 6 |  6.6
Fighting       | 4 7 8 |  8.3
Armour         | 4 |  4.2
Throwing       | |  2.0

Action                   |  1- 3 |  4- 6 |  7- 9 | 10-12 || total
-------------------------+-------+-------+-------+-------++-------
Melee: Long sword        |    97 |   124 |   244 |   154 ||   619
       Kick              |    27 |    34 |    83 |   145 ||   289
       Peck              |    17 |    28 |    52 |   103 ||   200
       Trident           |       |     1 |       |       ||     1
       Scimitar          |       |       |       |   203 ||   203
Throw: Throwing net      |     2 |       |     5 |     3 ||    10
       Javelin           |       |     4 |       |    10 ||    14
Invok: Line Pass         |       |       |     1 |       ||     1
  Use: Scroll            |     4 |     6 |     7 |     8 ||    25
       Potion            |       |     2 |     1 |     5 ||     8
 Stab: Held in net/web   |     2 |       |     1 |     1 ||     4
       Sleeping          |       |     2 |     8 |     8 ||    18
       Distracted        |       |       |     4 |     5 ||     9
       Paralysed         |       |       |    10 |    17 ||    27
  Eat: Chunk             |     1 |    10 |    12 |    15 ||    38
       Pizza             |       |       |       |     1 ||     1
Armor: Leather armour    |    28 |    29 |    30 |    13 ||   100
       Robe              |       |       |       |    29 ||    29
       Troll leather arm |       |       |       |     3 ||     3
Dodge: Dodged            |    69 |    97 |   153 |   221 ||   540
